General information
- name: BNet
- type: Ladder team game (AT/RT)
- host: Battle.net
- saver: iMlCRO
map: Cherryville
- players: 8
- length: 47:55
- speed: Fast
- version: 1.24 W3XP
- replay type: Public
» download(367 KB)
Players
team 1 (loser)
Rebuke[SkyNet]2 (
green | 91 APM | 4358 actions | 47:54)
8 Mountain King
3 Storm Bolt
2 Bash
1 Avatar
2 Thunder Clap
» actions
| Assign group hotkey | 57 | |
| Basic commands | 66 | |
| Build / train | 161 | |
| ESC pressed | 2 | |
| Enter build submenu | 40 | |
| Enter hero's abilities submenu | 8 | |
| Give item / drop item | 1 | |
| Remove unit from queue | 7 | |
| Right click | 2243 | |
| Select / deselect | 853 | |
| Select group hotkey | 720 | |
| Use ability | 200 | |
4358 total
» units
| Peasant | 38 | |
| Footman | 12 | |
| Knight | 10 | |
| Spell Breaker | 7 | |
67 total
» upgrades
| Masonry | 3 | |
| Lumber Harvesting | 2 | |
| Defend | 1 | |
| Swords | 3 | |
| Animal War Training | 1 | |
| Plating | 3 | |
13 total
» buildings
| Barracks | 2 | |
| Lumber Mill | 3 | |
| Farm | 11 | |
| Altar of Kings | 2 | |
| Keep | 3 | |
| Town Hall | 2 | |
| Arcane Vault | 3 | |
| Scout Tower | 16 | |
| Arcane Tower | 8 | |
| Guard Tower | 18 | |
| Castle | 2 | |
| Blacksmith | 1 | |
| Arcane Sanctum | 2 | |
73 total
» build order
00:19 Barracks
00:34 Lumber Mill
00:51 Farm
01:05 Altar of Kings
01:19 Farm
02:05 Farm
03:41 Keep
03:41 Keep
04:02 Town Hall
04:14 Arcane Vault
04:27 Scout Tower
04:55 Arcane Tower
05:02 Scout Tower
05:25 Arcane Tower
05:54 Scout Tower
06:10 Lumber Mill
06:17 Arcane Tower
06:17 Arcane Tower
06:34 Scout Tower
06:50 Guard Tower
07:04 Guard Tower
07:11 Guard Tower
07:11 Guard Tower
07:13 Scout Tower
07:58 Guard Tower
07:59 Guard Tower
07:59 Castle
08:00 Castle
08:08 Blacksmith
08:19 Barracks
08:23 Farm
08:26 Farm
08:47 Scout Tower
08:51 Scout Tower
09:16 Guard Tower
09:26 Guard Tower
09:27 Guard Tower
10:04 Altar of Kings
11:32 Scout Tower
11:34 Scout Tower
11:39 Scout Tower
11:48 Guard Tower
12:01 Guard Tower
12:01 Guard Tower
12:03 Guard Tower
13:03 Lumber Mill
13:06 Farm
13:07 Farm
13:07 Farm
13:08 Farm
13:09 Farm
13:09 Farm
13:44 Arcane Vault
14:20 Arcane Sanctum
14:20 Arcane Sanctum
22:11 Arcane Vault
23:58 Town Hall
24:03 Scout Tower
24:04 Scout Tower
24:05 Scout Tower
24:06 Scout Tower
24:08 Scout Tower
24:09 Scout Tower
25:16 Guard Tower
» items
| Scroll of Regeneration | 6 | |
| Ivory Tower | 3 | |
| Lesser Clarity Potion | 6 | |
| Scroll of Town Portal | 8 | |
| Staff of Sanctuary | 1 | |
| Potion of Healing | 1 | |
| Potion of Lesser Invulnerability | 1 | |
| Staff of Teleportation | 1 | |
| Boots of Speed | 1 | |
28 total

»
IAmE (
purple | 53 APM | 2530 actions | 47:55)
5 Tauren Chieftain
3 Shockwave
2 Endurance Aura
5 Shadow Hunter
3 Healing Wave
2 Hex
1 Mountain King
1 Bash
» actions
| Assign group hotkey | 20 | |
| Basic commands | 7 | |
| Build / train | 79 | |
| Enter build submenu | 17 | |
| Enter hero's abilities submenu | 11 | |
| Give item / drop item | 2 | |
| Remove unit from queue | 2 | |
| Right click | 1377 | |
| Select / deselect | 578 | |
| Select group hotkey | 317 | |
| Use ability | 120 | |
2530 total
» units
| Peon | 16 | |
| Grunt | 4 | |
| Troll Witch Doctor | 13 | |
| Tauren | 11 | |
44 total
» upgrades
| Witch Doctor Training | 2 | |
| Pulverize | 1 | |
| Shaman Training | 1 | |
4 total
» buildings
| Altar of Storms | 1 | |
| Orc Burrow | 9 | |
| Barracks | 1 | |
| Voodoo Lounge | 1 | |
| Stronghold | 3 | |
| War Mill | 1 | |
| Fortress | 2 | |
| Spirit Lodge | 1 | |
| Watch Tower | 1 | |
| Tauren Totem | 2 | |
22 total
» build order
00:10 Altar of Storms
00:16 Orc Burrow
00:54 Barracks
01:36 Orc Burrow
01:42 Orc Burrow
01:51 Voodoo Lounge
02:54 Stronghold
02:55 Stronghold
03:14 War Mill
04:23 Orc Burrow
05:47 Fortress
05:52 Spirit Lodge
05:57 Orc Burrow
07:41 Watch Tower
08:16 Tauren Totem
08:18 Tauren Totem
08:23 Orc Burrow
08:45 Orc Burrow
12:01 Orc Burrow
20:01 Orc Burrow
» items
| Healing Salve | 3 | |
| Lesser Clarity Potion | 3 | |
| Tiny Great Hall | 1 | |
7 total

»
iMlCRO (
red | 65 APM | 3122 actions | 47:55)
7 Death Knight
3 Death Coil
3 Unholy Aura
1 Animate Dead
5 Lich
3 Frost Nova
2 Dark Ritual
» actions
| Assign group hotkey | 79 | |
| Basic commands | 17 | |
| Build / train | 77 | |
| ESC pressed | 5 | |
| Enter build submenu | 22 | |
| Enter hero's abilities submenu | 12 | |
| Give item / drop item | 4 | |
| Right click | 1519 | |
| Select / deselect | 393 | |
| Select group hotkey | 873 | |
| Use ability | 121 | |
3122 total
» units
| Acolyte | 13 | |
| Ghoul | 3 | |
| Crypt Fiend | 10 | |
| Obsidian Statue | 3 | |
| Frost Wyrm | 3 | |
32 total
» upgrades
| Creature Attack | 4 | |
| Web | 1 | |
| Creature Carapace | 3 | |
| Destroyer Form | 1 | |
| Freezing Breath | 1 | |
10 total
» buildings
| Crypt | 1 | |
| Graveyard | 1 | |
| Altar of Darkness | 1 | |
| Ziggurat | 9 | |
| Tomb of Relics | 1 | |
| Nerubian Tower | 2 | |
| Halls of the Dead | 1 | |
| Spirit Tower | 4 | |
| Slaughterhouse | 1 | |
| Black Citadel | 1 | |
| Sacrificial Pit | 1 | |
| Boneyard | 2 | |
| Necropolis | 1 | |
26 total
» build order
00:06 Crypt
00:11 Graveyard
00:43 Altar of Darkness
01:02 Ziggurat
01:25 Tomb of Relics
02:05 Ziggurat
02:36 Nerubian Tower
05:16 Halls of the Dead
05:26 Spirit Tower
06:17 Ziggurat
07:59 Slaughterhouse
08:53 Ziggurat
09:38 Ziggurat
09:39 Ziggurat
09:40 Ziggurat
10:01 Black Citadel
10:11 Spirit Tower
10:43 Spirit Tower
10:44 Nerubian Tower
10:51 Spirit Tower
11:37 Sacrificial Pit
13:18 Boneyard
13:19 Boneyard
20:18 Ziggurat
20:19 Ziggurat
25:13 Necropolis
» items
| Rod of Necromancy | 2 | |
| Scroll of Town Portal | 6 | |
| Orb of Corruption | 1 | |
| Scroll of Protection | 1 | |
| Scroll of Healing | 1 | |
11 total
Anatoly (
yellow | 49 APM | 2364 actions | 47:55)
6 Keeper of the Grove
1 Force of Nature
3 Entangling Roots
1 Thorns Aura
1 Tranquility
» actions
| Basic commands | 27 | |
| Build / train | 158 | |
| Enter build submenu | 21 | |
| Enter hero's abilities submenu | 6 | |
| Give item / drop item | 1 | |
| Remove unit from queue | 2 | |
| Right click | 1647 | |
| Select / deselect | 428 | |
| Use ability | 74 | |
2364 total
» units
| Wisp | 30 | |
| Huntress | 16 | |
| Hippogryph | 17 | |
| Chimaera | 43 | |
| Dryad | 25 | |
131 total
» upgrades
| Moon Armor | 1 | |
| Reinforced Hides | 2 | |
| Abolish Magic | 1 | |
| Corrosive Breath | 1 | |
| Well Spring | 1 | |
| Ultravision | 1 | |
7 total
» buildings
| Altar of Elders | 1 | |
| Moon Well | 8 | |
| Hunter's Hall | 1 | |
| Ancient of War | 1 | |
| Tree of Ages | 1 | |
| Tree of Life | 5 | |
| Tree of Eternity | 1 | |
| Ancient of Wind | 2 | |
| Chimaera Roost | 2 | |
| Ancient of Lore | 1 | |
23 total
» build order
00:14 Altar of Elders
00:18 Moon Well
01:30 Hunter's Hall
01:57 Moon Well
02:02 Moon Well
02:20 Ancient of War
03:59 Moon Well
05:08 Moon Well
05:47 Tree of Ages
05:54 Tree of Life
06:05 Moon Well
08:11 Tree of Eternity
08:15 Ancient of Wind
08:33 Tree of Life
09:32 Ancient of Wind
10:59 Chimaera Roost
11:01 Chimaera Roost
12:55 Ancient of Lore
13:59 Moon Well
16:01 Moon Well
16:27 Tree of Life
23:08 Tree of Life
28:05 Tree of Life
» items
| Potion of Lesser Invulnerability | 2 | |
| Scroll of Town Portal | 3 | |
| Staff of Teleportation | 1 | |
| Potion of Invisibility | 1 | |
7 total
team 2 (winner)

»
lP-ll-lVl-lP (
orange | 66 APM | 1966 actions | 29:39)
6 Priestess of the Moon
2 Searing Arrows
3 Trueshot Aura
1 Starfall
» actions
| Assign group hotkey | 22 | |
| Basic commands | 1 | |
| Build / train | 62 | |
| ESC pressed | 2 | |
| Enter build submenu | 8 | |
| Enter hero's abilities submenu | 6 | |
| Give item / drop item | 1 | |
| Right click | 904 | |
| Select / deselect | 559 | |
| Select group hotkey | 323 | |
| Use ability | 78 | |
1966 total
» units
» upgrades
| Moon Armor | 3 | |
| Strength of the Moon | 3 | |
| Sentinel | 1 | |
| Well Spring | 1 | |
| Upgrade Moon Glaive | 1 | |
9 total
» buildings
| Altar of Elders | 1 | |
| Moon Well | 4 | |
| Hunter's Hall | 1 | |
| Ancient of War | 2 | |
| Tree of Ages | 2 | |
| Tree of Eternity | 2 | |
12 total
» build order
00:10 Altar of Elders
00:18 Moon Well
01:38 Hunter's Hall
01:43 Ancient of War
02:00 Ancient of War
02:15 Moon Well
03:04 Moon Well
04:12 Moon Well
08:47 Tree of Ages
08:47 Tree of Ages
11:10 Tree of Eternity
11:10 Tree of Eternity
» items
| Scroll of Town Portal | 6 | |
| Scroll of Healing | 1 | |
| Scroll of Protection | 1 | |
| Potion of Healing | 3 | |
| Scroll of Regeneration | 1 | |
| Periapt of Vitality | 1 | |
| Potion of Lesser Invulnerability | 1 | |
| Healing Salve | 3 | |
| Lesser Clarity Potion | 1 | |
18 total
grom_hellzcream (
blue | 44 APM | 2117 actions | 47:55)
8 Blademaster
3 Wind Walk
3 Critical Strike
1 Bladestorm
1 Mirror Image
5 Shadow Hunter
3 Healing Wave
2 Hex
» actions
| Basic commands | 37 | |
| Build / train | 91 | |
| Enter build submenu | 56 | |
| Enter hero's abilities submenu | 13 | |
| Give item / drop item | 5 | |
| Right click | 1110 | |
| Select / deselect | 563 | |
| Use ability | 242 | |
2117 total
» units
| Peon | 20 | |
| Grunt | 6 | |
| Shaman | 7 | |
| Troll Witch Doctor | 3 | |
| Tauren | 8 | |
44 total
» upgrades
| Shaman Training | 2 | |
| Witch Doctor Training | 2 | |
| Armor | 2 | |
| Melee Weapons | 2 | |
| Pulverize | 1 | |
| Reinforced Defenses | 1 | |
| Spiked Barricades | 2 | |
12 total
» buildings
| Altar of Storms | 2 | |
| Orc Burrow | 8 | |
| Barracks | 1 | |
| Voodoo Lounge | 1 | |
| Stronghold | 1 | |
| Great Hall | 2 | |
| War Mill | 1 | |
| Fortress | 1 | |
| Spirit Lodge | 2 | |
| Watch Tower | 33 | |
| Tauren Totem | 2 | |
| Beastiary | 1 | |
55 total
» build order
00:07 Altar of Storms
00:11 Orc Burrow
00:52 Barracks
01:32 Orc Burrow
01:58 Voodoo Lounge
03:20 Orc Burrow
04:05 Stronghold
04:27 Great Hall
05:45 War Mill
06:35 Orc Burrow
08:04 Fortress
08:06 Spirit Lodge
08:08 Watch Tower
08:47 Spirit Lodge
08:50 Watch Tower
10:47 Watch Tower
10:54 Tauren Totem
10:56 Watch Tower
11:37 Orc Burrow
13:55 Orc Burrow
14:00 Watch Tower
14:29 Tauren Totem
14:34 Watch Tower
16:40 Watch Tower
17:02 Watch Tower
20:44 Beastiary
20:45 Watch Tower
20:47 Watch Tower
20:48 Watch Tower
20:50 Watch Tower
21:02 Watch Tower
21:04 Watch Tower
21:11 Watch Tower
21:49 Watch Tower
21:50 Watch Tower
22:19 Watch Tower
22:21 Watch Tower
22:23 Watch Tower
22:26 Watch Tower
22:39 Watch Tower
23:07 Watch Tower
23:14 Watch Tower
23:23 Watch Tower
23:25 Watch Tower
24:11 Watch Tower
24:13 Watch Tower
24:14 Watch Tower
25:46 Watch Tower
25:48 Watch Tower
25:49 Watch Tower
30:51 Watch Tower
38:09 Great Hall
38:31 Orc Burrow
41:57 Altar of Storms
43:45 Orc Burrow
» items
| Healing Salve | 2 | |
| Scroll of Town Portal | 7 | |
| Orb of Lightning | 1 | |
| Lesser Clarity Potion | 1 | |
| Potion of Healing | 3 | |
| Scroll of Speed | 1 | |
| Potion of Mana | 3 | |
18 total
Re-Invictus (
teal | 83 APM | 2556 actions | 30:44)
5 Archmage
3 Summon Water Elemental
2 Brilliance Aura
4 Mountain King
2 Storm Bolt
2 Bash
3 Paladin
2 Holy Light
1 Divine Shield
» actions
| Assign group hotkey | 59 | |
| Basic commands | 56 | |
| Build / train | 134 | |
| Enter build submenu | 32 | |
| Enter hero's abilities submenu | 12 | |
| Give item / drop item | 8 | |
| Remove unit from queue | 7 | |
| Right click | 1126 | |
| Select / deselect | 380 | |
| Select group hotkey | 515 | |
| Use ability | 227 | |
2556 total
» units
| Peasant | 20 | |
| Footman | 14 | |
| Knight | 1 | |
| Gryphon Rider | 9 | |
| Dragonhawk Rider | 1 | |
45 total
» upgrades
| Lumber Harvesting | 1 | |
| Masonry | 1 | |
| Animal War Training | 1 | |
| Storm Hammers | 1 | |
| Swords | 3 | |
| Cloud | 1 | |
8 total
» buildings
| Altar of Kings | 1 | |
| Farm | 16 | |
| Barracks | 1 | |
| Scout Tower | 20 | |
| Lumber Mill | 1 | |
| Arcane Tower | 2 | |
| Guard Tower | 16 | |
| Keep | 3 | |
| Town Hall | 1 | |
| Arcane Vault | 1 | |
| Castle | 2 | |
| Blacksmith | 1 | |
| Gryphon Aviary | 3 | |
68 total
» build order
00:06 Altar of Kings
00:20 Farm
00:35 Barracks
00:38 Farm
01:25 Scout Tower
01:29 Lumber Mill
01:42 Scout Tower
02:13 Arcane Tower
02:14 Arcane Tower
02:32 Guard Tower
02:41 Farm
03:13 Keep
03:14 Keep
03:47 Farm
03:49 Farm
03:50 Farm
04:58 Town Hall
05:07 Arcane Vault
05:18 Scout Tower
05:19 Scout Tower
05:22 Scout Tower
05:23 Scout Tower
06:57 Guard Tower
07:11 Guard Tower
08:08 Scout Tower
08:09 Scout Tower
08:10 Scout Tower
08:11 Scout Tower
08:12 Scout Tower
08:13 Scout Tower
08:13 Scout Tower
08:17 Castle
08:17 Castle
08:24 Blacksmith
09:13 Guard Tower
09:13 Guard Tower
09:52 Gryphon Aviary
10:02 Gryphon Aviary
10:05 Gryphon Aviary
10:11 Scout Tower
10:13 Scout Tower
10:16 Scout Tower
10:17 Scout Tower
10:18 Scout Tower
10:19 Scout Tower
10:20 Scout Tower
10:49 Guard Tower
12:12 Guard Tower
12:13 Guard Tower
12:19 Guard Tower
12:19 Guard Tower
12:22 Guard Tower
12:23 Guard Tower
13:38 Farm
13:39 Farm
13:40 Farm
13:41 Farm
13:42 Farm
13:43 Farm
13:44 Farm
13:47 Farm
17:32 Farm
17:33 Farm
18:55 Guard Tower
18:55 Guard Tower
» items
| Scroll of Regeneration | 2 | |
| Potion of Healing | 3 | |
| Lesser Clarity Potion | 2 | |
| Staff of Sanctuary | 2 | |
| Scroll of Town Portal | 3 | |
| Orb of Fire | 2 | |
| Potion of Mana | 1 | |
| Periapt of Vitality | 1 | |
| Potion of Lesser Invulnerability | 1 | |
| Scroll of Healing | 2 | |
| Potion of Invisibility | 1 | |
| Boots of Speed | 1 | |
21 total
annoyedYET (
pink | 99 APM | 4765 actions | 47:55)
9 Blademaster
3 Wind Walk
3 Critical Strike
1 Bladestorm
2 Mirror Image
» actions
| Assign group hotkey | 66 | |
| Basic commands | 5 | |
| Build / train | 113 | |
| ESC pressed | 3 | |
| Enter build submenu | 56 | |
| Enter hero's abilities submenu | 9 | |
| Right click | 2707 | |
| Select / deselect | 631 | |
| Select group hotkey | 944 | |
| Use ability | 231 | |
4765 total
» units
| Peon | 24 | |
| Wind Rider | 15 | |
| Shaman | 4 | |
| Troll Batrider | 27 | |
70 total
» upgrades
| Ranged Weapons | 3 | |
| Reinforced Defenses | 1 | |
| Envenomed Spears | 1 | |
| Shaman Training | 2 | |
| Armor | 1 | |
| Liquid Fire | 1 | |
9 total
» buildings
| Altar of Storms | 2 | |
| Orc Burrow | 15 | |
| War Mill | 3 | |
| Voodoo Lounge | 2 | |
| Watch Tower | 20 | |
| Stronghold | 4 | |
| Fortress | 1 | |
| Beastiary | 5 | |
| Spirit Lodge | 1 | |
| Great Hall | 3 | |
56 total
» build order
00:17 Altar of Storms
00:20 Orc Burrow
01:01 War Mill
01:28 Voodoo Lounge
02:19 Watch Tower
02:34 Watch Tower
03:19 Stronghold
03:19 Stronghold
03:50 Orc Burrow
04:49 Orc Burrow
05:06 Orc Burrow
05:42 Fortress
05:45 Beastiary
05:52 Beastiary
06:18 Orc Burrow
12:32 Beastiary
12:54 Spirit Lodge
13:12 Great Hall
18:31 Orc Burrow
19:11 Orc Burrow
19:12 Orc Burrow
24:18 Great Hall
28:14 Watch Tower
28:17 Watch Tower
29:18 Watch Tower
29:34 Orc Burrow
29:39 Watch Tower
30:24 Watch Tower
30:25 Watch Tower
30:26 Watch Tower
30:27 Watch Tower
31:19 Watch Tower
32:24 Watch Tower
33:41 Great Hall
35:36 Watch Tower
35:38 Watch Tower
35:47 Watch Tower
39:11 Stronghold
40:44 Orc Burrow
40:47 Orc Burrow
40:57 War Mill
41:04 Voodoo Lounge
41:17 Orc Burrow
41:38 Altar of Storms
41:49 War Mill
42:18 Beastiary
42:21 Beastiary
43:07 Watch Tower
43:10 Watch Tower
43:12 Watch Tower
43:15 Watch Tower
43:26 Orc Burrow
43:29 Orc Burrow
43:52 Watch Tower
44:26 Orc Burrow
» items
| Healing Salve | 3 | |
| Lesser Clarity Potion | 4 | |
| Orb of Lightning | 1 | |
| Potion of Healing | 2 | |
| Scroll of Town Portal | 3 | |
| Boots of Speed | 1 | |
| Potion of Lesser Invulnerability | 4 | |
18 total
Chat log
(00:04 / Allies) Rebuke[SkyNet]2: yo lame
(00:07 / Allies) Rebuke[SkyNet]2: which one were u last game
(00:07 / All) lP-ll-lVl-lP: i dont like this
(00:13 / All) iMlCRO: got my best race
(00:14 / All) iMlCRO: lol
(00:15 / All) lP-ll-lVl-lP: got a bad feelin this match
(00:19 / Allies) IAmE: i was elf
(00:22 / All) iMlCRO: just stab and give me a win lol
(00:23 / Allies) IAmE: against ur team
(00:26 / All) iMlCRO: i sat thru that bullshit xD
(00:27 / Allies) Rebuke[SkyNet]2: oh ight u was ight
(00:33 / Allies) iMlCRO: sup rebuke
(00:33 / All) lP-ll-lVl-lP: u couldva left lol
(00:34 / All) annoyedYET: are u 2 boyfriends
(00:34 / All) lP-ll-lVl-lP: i wouldva
(00:39 / All) Rebuke[SkyNet]2: SUP I HAVE STAB_STAB POLICY
(00:40 / All) lP-ll-lVl-lP: pink u shut up b4 i stab
(00:43 / All) Rebuke[SkyNet]2: U GUYS STAB I WILL STAB
(00:48 / All) annoyedYET: hahaha
(00:49 / All) Rebuke[SkyNet]2: MAKE IT FAIR
(00:50 / All) annoyedYET: its ur bf
(00:53 / All) iMlCRO: LETS ALL STAB
(00:56 / All) iMlCRO: AND SEE WHO LOSES FIRST
(00:57 / All) lP-ll-lVl-lP: ima stab pink
(00:57 / All) iMlCRO: HUH?
(00:59 / All) lP-ll-lVl-lP: this stupid nigger
(01:07 / All) lP-ll-lVl-lP: if u straight tech
(01:08 / All) annoyedYET: gotta look tought for ur e-bf
(01:09 / All) lP-ll-lVl-lP: im stabbing u
(01:11 / All) annoyedYET: u faggot
(01:14 / All) lP-ll-lVl-lP: ill let u know that now u dumb nigger
(01:15 / All) iMlCRO: YEA WELL IM STABBING TOO
(01:16 / All) iMlCRO: ASHDASHOIDHASUO
(01:19 / All) iMlCRO: k gl hf
(01:31 / Allies) IAmE: im decent :P
(01:46 / All) Anatoly: sup gays??
(01:55 / All) annoyedYET: nm just making fun of 2 faggots
(02:05 / Allies) IAmE: docs + tauren
(02:05 / All) lP-ll-lVl-lP: "maybe he will at with him"
(02:05 / Allies) IAmE: for me
(02:08 / All) lP-ll-lVl-lP: micro will u at with me
(02:11 / All) lP-ll-lVl-lP: im tryin to impress u
(02:12 / All) iMlCRO: YA
(02:17 / All) lP-ll-lVl-lP: k ty
(02:21 / All) lP-ll-lVl-lP: glad we proved blue right
(02:25 / All) iMlCRO: xD
(02:28 / All) annoyedYET: will u ever get laid?
(02:30 / All) annoyedYET: thats the question
(02:36 / All) lP-ll-lVl-lP: ur mom doesnt have a problem with me
(02:38 / All) iMlCRO: got laid last night
(02:48 / All) annoyedYET: is MIKRO MY MOM
(02:50 / All) annoyedYET: haha
(03:04 / Allies) iMlCRO: IM TAKIN THAT
(03:06 / All) grom_hellzcream: i like pink
(03:12 / All) grom_hellzcream: hes the true pimp
(03:21 / Allies) iMlCRO: OMG YOURE TAKING IT?
(03:23 / Allies) Rebuke[SkyNet]2: ye
(03:24 / Allies) Rebuke[SkyNet]2: lol dip
(03:25 / Allies) iMlCRO: WTF AM I SUPPOSE TO TAKE
(03:26 / Allies) IAmE: let him take it
(03:28 / Allies) Rebuke[SkyNet]2: fuck off
(03:37 / Allies) iMlCRO: NAH ILL TAKE THIS
(04:46 / All) iMlCRO: FUCK OFF PIMP
(04:59 / All) lP-ll-lVl-lP: FUCK UR SPIDER
(05:30 / All) lP-ll-lVl-lP: |SMALL CATS UNITE WITH THE BIG CAT
(05:39 / Allies) IAmE: stun
(06:03 / All) annoyedYET: FUK YO MINE NIGGA
(06:49 / Allies) iMlCRO: they are all tower teching
(07:27 / All) iMlCRO: figures u have 4x more hunts than him
(07:45 / All) iMlCRO: yeah i get here and he tps
(07:57 / All) lP-ll-lVl-lP: SCARED OF THE SMALL CATS
(09:33 / Allies) IAmE: tauren inc
(09:35 / Allies) IAmE: hold them off
(09:54 / Allies) iMlCRO: coming
(09:57 / Allies) iMlCRO: web soon
(09:58 / Allies) iMlCRO: lol
(11:06 / All) lP-ll-lVl-lP: wat r these clowns doing
(11:28 / All) lP-ll-lVl-lP: this idiot comes and uses all my wells
(12:47 / All) Rebuke[SkyNet]2: IGHT LOL IM playing with two hands now
(14:03 / Allies) iMlCRO: so knights huh?
(14:09 / Allies) iMlCRO: tauren
(14:46 / Allies) Anatoly: ty
(14:51 / Allies) iMlCRO: np
(14:59 / All) lP-ll-lVl-lP: taurrens and knights seem like a bit of an overkill for melee
(15:17 / Allies) iMlCRO: go
(15:32 / Allies) iMlCRO: rebuild
(15:37 / All) lP-ll-lVl-lP: small cats made it out alive
(15:44 / Allies) IAmE: we gotta meet
(16:05 / Allies) iMlCRO: hows the tauren knights holding up vs air
(16:12 / Allies) IAmE: awesome
(16:22 / All) Rebuke[SkyNet]2: my man got mass aa
(16:29 / All) lP-ll-lVl-lP: fucking bone dragons
(16:42 / Allies) IAmE: are u guys
(16:45 / Allies) IAmE: gonna fucking help
(16:46 / Allies) IAmE: ro no
(16:47 / All) lP-ll-lVl-lP: red has bone dragons
(16:50 / All) lP-ll-lVl-lP: careful guys
(17:26 / Allies) IAmE: fuck this
(17:29 / Allies) iMlCRO: lets hit
(17:37 / All) lP-ll-lVl-lP: fuck the elk
(17:50 / Allies) iMlCRO: come rebuke
(17:59 / All) Rebuke[SkyNet]2: sec afl
(17:59 / All) Rebuke[SkyNet]2: afk
(18:10 / All) lP-ll-lVl-lP: kids mad that i got small cats
(18:37 / All) Rebuke[SkyNet]2: kyo hold up im coming
(19:04 / Allies) IAmE: j
(19:04 / All) lP-ll-lVl-lP: LAGGER
(19:04 / Allies) iMlCRO: meet with green
(20:32 / All) annoyedYET: LMAO
(20:34 / All) iMlCRO: wasnt the best tp
(20:52 / All) lP-ll-lVl-lP: yellow tireds hard for this xpo
(20:55 / All) Re-Invictus: like it matters now anyways
(20:57 / All) Rebuke[SkyNet]2: nice lag hack
(21:02 / All) Re-Invictus: noob orange
(21:04 / All) lP-ll-lVl-lP: u dont got lag hack?
(21:08 / All) Re-Invictus: with hunts still
(21:14 / All) iMlCRO: hunts > all
(21:27 / All) iMlCRO: look at those lusters wyvs
(21:53 / Allies) iMlCRO: im there
(21:53 / Allies) IAmE: well
(21:56 / Allies) IAmE: i have a decent army
(21:56 / All) lP-ll-lVl-lP: blue hcillin with 4k gold
(22:07 / All) iMlCRO: i have 3k lol
(22:13 / All) annoyedYET: WHP NEEDS TO TP WITH 6K GOLD
(22:13 / All) lP-ll-lVl-lP: but got bone draogns
(22:25 / All) iMlCRO: 4 bone dragons, 6 fiends, 2 statues
(22:28 / All) iMlCRO: thats what im going everygame from now on
(22:36 / All) lP-ll-lVl-lP: i mean 1 big cat 11 small cats
(22:41 / All) iMlCRO: xD ultimate army
(22:46 / All) lP-ll-lVl-lP: 3/3 ofc
(22:47 / Allies) Anatoly: give me gold red
(22:51 / Allies) Anatoly: you have 300
(22:56 / Allies) Anatoly: dont be an noob
(22:58 / Allies) iMlCRO: ...
(23:04 / Allies) iMlCRO: shut the fuck up
(23:07 / All) Rebuke[SkyNet]2: nah just break 100
(23:19 / All) lP-ll-lVl-lP: oh fuk
(23:21 / All) lP-ll-lVl-lP: lusted smalll cats
(23:22 / All) lP-ll-lVl-lP: gg
(23:43 / All) lP-ll-lVl-lP: why u takin me out
(23:46 / Allies) iMlCRO: tp
(23:47 / Allies) iMlCRO: tp
(23:47 / Allies) iMlCRO: tp
(23:47 / Allies) iMlCRO: tp
(23:48 / Allies) IAmE: p
(23:55 / Allies) iMlCRO: hmm god thing noone got in
(23:58 / Allies) IAmE: that was fast
(23:59 / Allies) IAmE: lol
(24:26 / Allies) iMlCRO: one
(24:26 / Allies) iMlCRO: sec
(24:28 / Allies) iMlCRO: coming
(24:38 / Allies) iMlCRO: BACK UP
(25:11 / All) iMlCRO: suicide blue
(25:15 / All) annoyedYET: BLUE
(25:17 / All) annoyedYET: IS GOOD
(25:22 / All) lP-ll-lVl-lP: duh he in pro2
(25:25 / All) lP-ll-lVl-lP: best clan on azeroth
(25:53 / All) iMlCRO: COME THE FUCK ON
(26:09 / Allies) IAmE: shoulda waited
(26:10 / Allies) IAmE: for wards
(27:03 / All) lP-ll-lVl-lP: IM TPIN IN
(27:05 / All) Rebuke[SkyNet]2: my towers r better thennurs
(27:06 / All) lP-ll-lVl-lP: CHIPPPO FTW
(27:29 / All) iMlCRO: U KILLED M ACO?
(29:11 / Allies) Anatoly: gold plzz??
(29:59 / All) iMlCRO: oh no!
(30:11 / All) Rebuke[SkyNet]2: im afk control my shit
(30:13 / All) iMlCRO: me too afk
(30:40 / All) Re-Invictus: good afk lul
(31:01 / All) iMlCRO: THE BLADEMASTER TEAM!
(31:55 / Allies) IAmE: check plz
(33:15 / All) iMlCRO: k afk lets see if my team can win
(33:44 / Allies) IAmE: i suggest
(33:49 / Allies) IAmE: u get something to counte r bats
(34:23 / Allies) IAmE: btw
(34:25 / Allies) IAmE: its u vs him
(34:26 / Allies) IAmE: just so u know
(34:37 / Allies) iMlCRO: hes gonna bat the shit outta your hall
(34:39 / Allies) iMlCRO: just letting u know
(34:57 / All) Rebuke[SkyNet]2: k imm back
(35:03 / Allies) IAmE: its a close game green
(35:08 / All) Rebuke[SkyNet]2: really?
(35:15 / Allies) IAmE: yes
(35:26 / All) Rebuke[SkyNet]2: oh bats eh
(36:08 / Allies) IAmE: blue had peons left
(36:10 / Allies) IAmE: but i didnt see
(36:12 / Allies) IAmE: where they went
(36:14 / All) Rebuke[SkyNet]2: why am i lagging lol
(36:41 / Allies) IAmE: YELLOW
(36:43 / Allies) IAmE: I WILL SPAM HEAL U
(37:13 / All) iMlCRO: funny how pink thinks he can win -.-
(37:54 / Allies) IAmE: WE NEED THE BMS DEAD
(38:00 / Allies) iMlCRO: 1 down.
(38:03 / Allies) IAmE: thats a stat
(38:13 / Allies) IAmE: start
(38:17 / All) Rebuke[SkyNet]2: ur names "annoyed yet'
(38:18 / All) Rebuke[SkyNet]2: lol
(38:25 / All) annoyedYET: im chillin
(38:26 / Allies) IAmE: im going
(38:36 / All) Rebuke[SkyNet]2: yeah just sayin
(39:10 / All) IAmE: bm protoer
(39:11 / All) IAmE: zz
(39:24 / All) Rebuke[SkyNet]2: whyy the fuckk am i laggigigngign
(39:32 / Allies) Anatoly: need gold lol
(39:34 / Allies) IAmE: we gotta take that out
(39:44 / Allies) IAmE: uproot ur tree
(40:23 / Allies) IAmE: its gg
(40:25 / Allies) IAmE: if ur mk dies
(41:01 / Allies) Anatoly: meet??
(41:06 / All) Rebuke[SkyNet]2: wtf happened to red lmao
(41:07 / Allies) IAmE: he has 2 expos
(41:10 / Allies) IAmE: we need them dead
(41:12 / All) Rebuke[SkyNet]2: OH WTF
(41:15 / All) Rebuke[SkyNet]2: IM ONLY ONE WITH ARMY
(41:17 / All) Rebuke[SkyNet]2: LOL SHIT
(41:29 / Allies) iMlCRO: i suicided all
(41:35 / Allies) iMlCRO: and they killed my base ^_^
(41:42 / Allies) IAmE: we attacked
(41:42 / All) Rebuke[SkyNet]2: well yo im lagging he mit 400 crit me
(41:45 / Allies) IAmE: a fully towered base
(41:50 / Allies) IAmE: like fuckin idiots
(42:28 / All) Rebuke[SkyNet]2: tauren on goldmine
(42:42 / Allies) IAmE: wat
(42:51 / Allies) IAmE: stun
(42:55 / Allies) iMlCRO: LOL
(43:00 / Allies) iMlCRO: he raped the shit outta u guys
(43:12 / All) Rebuke[SkyNet]2: yo im lagging mam
(43:13 / All) Rebuke[SkyNet]2: fuck
(43:14 / All) Rebuke[SkyNet]2: we lost
(43:14 / All) IAmE: bms are fine
(43:20 / Allies) IAmE: yellow
(43:23 / Allies) IAmE: would u uproot
(43:24 / Allies) IAmE: ur tree man
(43:26 / Allies) IAmE: like really
(43:26 / Allies) Anatoly: %%
(43:31 / Allies) Anatoly: no gold
(43:34 / Allies) IAmE: UPROOT IT
(43:36 / Allies) iMlCRO: u can uproot LOL
(43:37 / All) Rebuke[SkyNet]2: did his sh die?
(43:42 / All) annoyedYET: ya
(43:49 / Allies) IAmE: yellow
(43:51 / Allies) IAmE: are u being serious
(43:52 / Allies) Anatoly: ??
(43:58 / Allies) Anatoly: ??
(43:59 / All) Rebuke[SkyNet]2: dude yellow
(44:00 / Allies) Anatoly: lol??
(44:00 / Allies) IAmE: target ur big tree
(44:01 / Allies) IAmE: and
(44:02 / Allies) IAmE: uproot
(44:02 / All) Rebuke[SkyNet]2: give me unit control
(44:03 / All) Rebuke[SkyNet]2: lmao
(44:03 / Allies) IAmE: ur tree
(44:13 / Allies) IAmE: no
(44:15 / Allies) IAmE: the big oen
(44:16 / Allies) IAmE: one
(44:23 / Allies) Anatoly: cant move
(44:25 / Allies) Anatoly: fuck
(44:26 / Allies) Anatoly: lol
(44:42 / Allies) IAmE: u couldve done that
(44:44 / Allies) IAmE: a long time ago
(45:16 / Allies) iMlCRO: yep we lose gg
(45:27 / Allies) IAmE: yellow could of actually had gold
(45:28 / All) Rebuke[SkyNet]2: lag is ridiculous
(45:29 / Allies) IAmE: a long time ago
(46:15 / Allies) iMlCRO: lol
(46:33 / Allies) IAmE: stun n tp
(46:53 / Allies) IAmE: if he can make his tree
(46:54 / Allies) IAmE: and make units
(46:56 / Allies) IAmE: wemaybe ok
(47:05 / Allies) iMlCRO: nah pink
(47:11 / Allies) iMlCRO: probably have those?
(47:34 / Allies) iMlCRO: blue bm
(47:35 / All) Rebuke[SkyNet]2: 2 blades
(47:35 / All) Rebuke[SkyNet]2: gg
(47:35 / Allies) iMlCRO: gg
(47:36 / All) Rebuke[SkyNet]2: lol
(47:36 / Allies) IAmE: its over
(47:37 / Allies) IAmE: we can leave
(47:54 / All) annoyedYET: zzz